 Dungeon Crawl Stone Soup version 0.20.1-1-g8b1a95d66d (webtiles) character file.

3934 NullDivider the Covert (level 10, -1/66 HPs)
             Began as an Octopode Artificer on Dec 12, 2017.
             Was a Follower of Nemelex Xobeh.
             Slain by a killer bee (3 damage)
             ... on level 8 of the Dungeon.
             The game lasted 00:45:42 (6958 turns).

NullDivider the Covert (Octopode Artificer)         Turns: 6958, Time: 00:45:46

Health: -1/66      AC:  1    Str: 13    XL:     10   Next: 21%
Magic:  15/15      EV: 23    Int: 14    God:    Nemelex Xobeh [*.....]
Gold:   451        SH:  0    Dex: 16    Spells: 9/9 levels left

rFire    + . .     SeeInvis .   R - +2 dagger (flame)
rCold    . . .     Gourm    .   (no shield)
rNeg     . . .     Faith    .   (helmet restricted)
rPois    .         Spirit   .   B - amulet of regeneration
rElec    .         Reflect  .   s - +2 ring of strength
rCorr    .         Harm     .   l - +5 ring of evasion
MR       .....                  J - ring of protection from fire
Stlth    ++++++....             (no ring)
Regen    0.7/turn               (no ring)
MPRegen  0.2/turn               (no ring)
                                (no ring)
                                (no ring)

@: lethally poisoned (-1 -> -1)
A: almost no armour, stealthy swim, amphibious, 8 rings, constrict 8, camouflage
1, gelatinous body 1
a: Renounce Religion


You were on level 8 of the Dungeon.
You worshipped Nemelex Xobeh.
Nemelex Xobeh was aware of your devotion.
You were not hungry.

You visited 2 branches of the dungeon, and saw 9 of its levels.

You collected 451 gold pieces.

Inventory:

Hand Weapons
 a - a +0 dagger of protection
 x - a +0 dagger of venom
 R - a +2 dagger of flaming (weapon)
Jewellery
 l - a +5 ring of evasion (right tentacle)
 r - an uncursed amulet of faith
 s - a +2 ring of strength (left tentacle)
 B - an amulet of regeneration (around mantle)
 J - a ring of protection from fire (on tentacle)
Wands
 b - a wand of flame (6/48)
 c - a wand of enslavement (1/24)
 d - a wand of random effects (0/48)
 G - a wand of flame (28/48)
 P - a wand of paralysis (5/24)
Scrolls
 e - a scroll of identify
 g - 2 scrolls of recharging {unknown}
 h - a scroll of immolation {unknown}
 i - 2 scrolls of fog {unknown}
 o - 2 scrolls of fear
 p - 3 scrolls of magic mapping
 q - 2 scrolls of remove curse
 v - 3 scrolls of amnesia {unknown}
 w - a scroll of noise {unknown}
 y - a scroll of enchant armour {unknown}
 C - a scroll of teleportation {unknown}
 L - a scroll of enchant weapon {unknown}
Potions
 j - 3 potions of invisibility {unknown}
 k - 3 potions of lignification {unknown}
 m - a potion of curing {unknown}
 n - 5 potions of heal wounds {unknown}
 t - 3 potions of might {unknown}
 z - a potion of ambrosia {unknown}
 D - a potion of haste {unknown}
 E - a potion of brilliance {unknown}
 H - 3 potions of degeneration {unknown}
 M - a potion of flight {unknown}
 N - a potion of agility
 Q - 2 potions of magic {unknown}
Books
 F - a book of Callings

   Spells                             Type                      Level
   a - Summon Small Mammal            Summoning                    1
   b - Call Imp                       Summoning                    2
   c - Call Canine Familiar           Summoning                    3
   d - Summon Guardian Golem          Hexes/Summoning              3
   e - Summon Lightning Spire         Summoning/Air                4
   f - Summon Ice Beast               Ice/Summoning                4
Miscellaneous
 I - a plain deck of summoning
Comestibles
 f - 6 bread rations
 u - 4 meat rations
 A - 9 royal jellies
 K - 3 fruits


   Skills:
 + Level 5.5 Fighting
 + Level 5.7 Short Blades
 * Level 6.8 Dodging
 + Level 10.9 Stealth
 * Level 7.9 Evocations


You had 9 spell levels left.
You didn't know any spells.

Dungeon Overview and Level Annotations

Branches:
Dungeon (8/15)             Temple (1/1) D:7
   Lair: D:8-11

Altars:
Cheibriados
Dithmenos
Elyvilon
Fedhas
Gozag
Hepliaklqana
Kikubaaqudgha
Makhleb
Nemelex Xobeh
Okawaru
Qazlal
Ru
Sif Muna
Trog
Uskayaw
Vehumet
Xom
Yredelemnul
Zin
The Shining One

Shops:
D:4 (   D:8 (


Innate Abilities, Weirdness & Mutations

You cannot wear most types of armour.
You are very stealthy in the water. (Stealth+)
You are amphibious.
You can wear up to eight rings at the same time.
You can use your tentacles to constrict eight enemies at once.
Your skin changes colour to match your surroundings (Stealth+).
Your rubbery body absorbs attacks. (AC +1, EV +1)


Message History

The stone hits the gnoll but does no damage.
The gnoll hits you with a spear.
You hit the killer bee but do no damage.
You grab the killer bee. You constrict the killer bee. You constrict the gnoll.
You feel sick. The killer bee barely misses you.
Your centaur shoots an arrow.
The arrow hits the water moccasin!
The water moccasin closely misses you.
You hit the killer bee but do no damage.
The killer bee is lightly wounded.
You constrict the killer bee, but do no damage.
You constrict the gnoll. The killer bee stings you!
* * * LOW HITPOINT WARNING * * *
Your centaur shoots an arrow.
The arrow barely misses the water moccasin.
The arrow hits you!
* * * LOW HITPOINT WARNING * * *
The water moccasin completely misses you.
The orc throws a stone.
The stone misses you.
The stone hits the gnoll.
The gnoll completely misses you. The killer bee stings you.
You die...
Your body disappears without a glow.

*,,,,,,,,,,* **,,>,,,,,,,***,,,,
*,,,,,,,,,,* #.........,**,,,,,,
*,,,,,,,,,,* #.........,**,,....
*,,,,,>,,,,* #%........,,,,,....
*********,** *.........,**,,....
*******###.####.........,,,,,#...
,,,,*..........#........*,**,#...
,,,,.......###...y......,,,,,##..
,,,,........###)@go.....,,,,.....
,,,,......o....S).......,,,.....#
,,,,........#.(((.......,,,.....*
,,,,........#c((........,,,z....#
,,,,.........#..........,,,......
,,,,.....c.†..<........#,,,......
,,,,*.....#.(......#####,,,......
*########*#..#.....#***,,,,......
#..p..*###..#.........,**,...##.


You could see a water moccasin, a killer bee, a gnoll, 2 orcs and a friendly
centaur.

Vanquished Creatures
  Pikel (D:8)
  Maurice (D:8)
  A steam dragon (D:5)
  A slave (D:7)
  An orc warrior (D:7)
  2 ice beasts
  A phantom (D:8)
  A sky beast (D:6)
  A black bear (D:7)
  8 ogres
  An eye of draining (D:7)
  11 killer bees
  A bullfrog (D:6)
  A gnoll sergeant (D:8)
  A scorpion (D:4)
  A howler monkey (D:5)
  4 crimson imps
  2 bullfrog zombies
  An orc priest (D:6)
  2 hounds (D:7)
  2 centaur skeletons
  6 iguanas
  4 worker ants
  A howler monkey zombie (D:5)
  5 gnolls
  8 adders
  A shadow imp (D:8)
  2 oozes
  2 adder skeletons
  3 worms
  4 leopard geckos
  20 orcs
  4 ball pythons
  4 giant cockroaches
  9 goblins
  8 hobgoblins
  10 jackals
  9 kobolds
  3 quokkas
  4 bats
  A frilled lizard (D:3)
  5 rats
158 creatures vanquished.

Vanquished Creatures (collateral kills)
  A killer bee (D:7)
  3 wights (D:8)
  2 orc wizards (D:8)
  An iguana (D:8)
  A worker ant zombie (D:8)
  A gnoll (D:8)
  4 orcs
13 creatures vanquished.

Vanquished Creatures (others)
  An ogre (D:3)
  2 wights (D:8)
  2 orc priests
  A bullfrog skeleton (D:8)
  A worker ant (D:6)
  An adder (D:6)
  A gnoll (D:7)
9 creatures vanquished.

Grand Total: 180 creatures vanquished

Notes
Turn   | Place    | Note
-------+----------+-------------------------------------------
     0 | D:1      | NullDivider the Octopode Artificer began the quest for the Orb.
     0 | D:1      | Reached XP level 1. HP: 13/13 MP: 3/3
   126 | D:1      | Reached skill level 2 in Stealth
   157 | D:1      | Reached XP level 2. HP: 18/18 MP: 4/4
   816 | D:2      | Reached skill level 3 in Stealth
   854 | D:2      | Reached XP level 3. HP: 23/23 MP: 5/5
  1837 | D:3      | Reached XP level 4. HP: 28/28 MP: 6/6
  2152 | D:3      | Reached skill level 4 in Stealth
  2451 | D:4      | Noticed an ogre
  2594 | D:4      | Reached XP level 5. HP: 17/34 MP: 7/7
  2735 | D:4      | Found Dum Seitaohi's Weapon Shoppe.
  2850 | D:4      | Reached skill level 5 in Stealth
  2913 | D:4      | Reached XP level 6. HP: 39/39 MP: 9/9
  3406 | D:5      | Entered Level 5 of the Dungeon
  3654 | D:5      | Reached skill level 6 in Stealth
  3654 | D:5      | Reached XP level 7. HP: 37/45 MP: 10/10
  3756 | D:5      | Noticed a steam dragon
  3778 | D:5      | Killed a steam dragon
  3778 | D:5      | Reached skill level 7 in Stealth
  3778 | D:5      | Reached skill level 5 in Evocations
  4046 | D:6      | Reached XP level 8. HP: 52/52 MP: 11/11
  4179 | D:6      | Reached skill level 8 in Stealth
  4964 | D:7      | Found a staircase to the Ecumenical Temple.
  4999 | Temple   | Entered the Ecumenical Temple
  5065 | Temple   | Became a worshipper of Nemelex Xobeh the Trickster
  5078 | Temple   | Received a gift from Nemelex Xobeh
  5186 | D:7      | Found a faded altar of an unknown god.
  5186 | D:7      | Found a snail-covered altar of Cheibriados.
  5191 | D:7      | Found a shadowy altar of Dithmenos.
  5193 | D:7      | Found a faded altar of an unknown god.
  5195 | D:7      | Found a basalt altar of Yredelemnul.
  5303 | D:7      | Reached skill level 9 in Stealth
  5580 | D:7      | Reached skill level 5 in Dodging
  5580 | D:7      | Reached XP level 9. HP: 36/58 MP: 13/13
  5977 | D:7      | Reached skill level 10 in Stealth
  5996 | D:8      | Noticed a queen bee
  6094 | D:8      | Noticed a two-headed ogre
  6178 | D:8      | Found Laar's Weapon Shoppe.
  6181 | D:8      | Noticed Maurice
  6191 | D:8      | Killed Maurice
  6235 | D:8      | Found a glowing golden altar of the Shining One.
  6239 | D:8      | Found a sand-covered staircase.
  6277 | D:8      | Reached skill level 5 in Short Blades
  6278 | D:8      | Reached skill level 5 in Fighting
  6509 | D:8      | Noticed Pikel
  6705 | D:8      | Reached XP level 10. HP: 46/66 MP: 15/15
  6746 | D:8      | Reached * piety under Nemelex Xobeh
  6775 | D:8      | Killed Pikel
  6958 | D:8      | HP: 2/66 [centaur/arrow (16)]
  6958 | D:8      | Slain by a killer bee

Skill      XL: |  1  2  3  4  5  6  7  8  9 |
---------------+----------------------------+-----
Stealth        | 2 3 4 5 6 7 9 10 | 10.9
Short Blades   | 2 3 4 5 |  5.7
Fighting       | 2 3 4 5 |  5.5
Evocations     | 4 5 6 7 |  7.9
Dodging        | 3 4 5 6 |  6.8

Action                   |  1- 3 |  4- 6 |  7- 9 | 10-12 || total
-------------------------+-------+-------+-------+-------++-------
Melee: Short sword       |    41 |       |       |       ||    41
       Constrict         |    19 |    18 |    46 |     8 ||    91
       Tentacles         |    10 |    24 |    56 |     7 ||    97
       Dagger            |    30 |    97 |   225 |    25 ||   377
Evoke: Wand              |       |     2 |    37 |     3 ||    42
  Use: Scroll            |     3 |     1 |     4 |     1 ||     9
 Stab: Sleeping          |    12 |    11 |    16 |       ||    39
       Distracted        |       |       |     1 |       ||     1
       Paralysed         |       |       |     2 |     2 ||     4
       Betrayed ally     |       |       |     1 |       ||     1
  Eat: Chunk             |     3 |     5 |    10 |     1 ||    19
Armor: Skin              |     4 |     4 |     4 |     4 ||    16
Dodge: Dodged            |    39 |    47 |   188 |    89 ||   363
